 Dungeon Crawl Stone Soup version 0.30.0-29-ga12c61a403 (webtiles) character file.

Game seed: 10356111849390386556

120 Elmgren the Trooper (level 4, -6/42 HPs)
             Began as a Minotaur Fighter on June 21, 2023.
             Killed from afar by Ijyb (12 damage)
             ... with a puff of flame
             ... on level 3 of the Dungeon.
             The game lasted 00:04:16 (2283 turns).

Elmgren the Trooper (Minotaur Fighter)              Turns: 2283, Time: 00:04:16

Health: -6/42      AC:  6    Str: 23    XL:     4   Next: 75%
Magic:  3/3        EV:  9    Int:  5    God:
Gold:   53         SH:  5    Dex:  9    Spells: 3/3 levels left

rFire   . . .        o - +0 whip (flame)
rCold   . . .        c - +1 buckler
rNeg    . . .        b - +0 scale mail
rPois   .            (helmet restricted)
rElec   .            (no cloak)
rCorr   .            (no gloves)
SInv    .            (no boots)
Will    .....        (no amulet) Stlth
                     (no ring)
HPRegen 0.27/turn    (no ring)
MPRegen 0.08/turn

%: no passive effects
@: no status effects
A: horns 2, retaliatory headbutt
a: no special abilities


You were on level 3 of the Dungeon.
You visited 1 branch of the dungeon, and saw 3 of its levels.

You collected 53 gold pieces.

Inventory:

Hand Weapons
 o - a +0 whip of flaming (weapon)
   (You found it on level 1 of the Dungeon)
Armour
 b - a +0 scale mail (worn)
 c - a +1 buckler (worn)
 i - an orb of energy
   (You found it on level 1 of the Dungeon)
Scrolls
 f - a scroll of identify {@r1}
 g - a scroll of fear
 h - 2 scrolls of teleportation {!r!d, @r3}
 j - 2 scrolls of fog
 m - a scroll of immolation {!r}
Potions
 d - 2 potions of might
 e - a potion of heal wounds {unknown}
 l - 3 potions of curing {@q1, !d}
 p - a potion of cancellation {unknown}
 q - a potion of flight {unknown}
 r - a potion of haste {unknown}


   Skills:
 + Level 5.3 Fighting
 + Level 4.6 Maces & Flails
 - Level 3.6 Armour
 - Level 3.6 Shields


You had 3 spell levels left.
You didn't know any spells.
Your spell library contained the following spells:

 Spells                   Type           Power      Damage    Failure   Level
 Hailstorm                Conj/Ice       0%         3d3       99%         3
 Ice Form                 Ice/Tmut       0%         N/A       100%        4
 Simulacrum               Ice/Necr       0%         N/A       100%        6


Dungeon Overview and Level Annotations

Branches:
Dungeon (3/15)

Altars:
Ru

Annotations:
D:3 Ijyb


Innate Abilities, Weirdness & Mutations

You have a pair of horns on your head.
You reflexively headbutt those who attack you in melee.


Message History

An endoplasm comes into view.
The endoplasm quivers. x2
There are monsters nearby!
You hit Ijyb but do no damage. Ijyb hits you with a +0 dagger.
You take 5 damage, and have 37/42 hp.
You closely miss Ijyb.
A ball python comes into view.
You barely miss Ijyb.
The ball python hisses angrily.
Ijyb zaps a wand.
The puff of flame hits you. The dart slug launches a dart at you.
The slug dart misses you.
You take 5 damage, and have 33/42 hp.
You closely miss Ijyb. Ijyb barely misses you.
You barely miss Ijyb.
Ijyb zaps a wand.
The puff of flame hits you.
You take 4 damage, and have 29/42 hp.
You hit Ijyb but do no damage. You block Ijyb's attack.
The endoplasm freezes you.
You are frozen.
The dart slug barely misses you.
You take 4 damage, and have 25/42 hp.
You barely miss Ijyb. You headbutt Ijyb, but do no damage.
You feel your willpower return. The endoplasm hits you.
The endoplasm freezes you.
You are frozen.
Ijyb hits you but does no damage.
You take 4 damage, and have 21/42 hp.
You hit Ijyb. You burn Ijyb. Ijyb hits you with a +0 dagger.
You block the endoplasm's attack. The endoplasm freezes you.
You are frozen.
The dart slug launches a dart at you. The slug dart misses you.
You take 3 damage, and have 18/42 hp.
Ijyb attacks as you move away! You block Ijyb's attack.
The endoplasm attacks as you move away! The endoplasm barely misses you.
You furiously retaliate!
You headbutt the endoplasm!
You kill the endoplasm!
The dart slug bites you but does no damage.
The endoplasm attacks as you move away! You block the endoplasm's attack.
Ijyb attacks as you move away! Ijyb hits you but does no damage.
Ijyb zaps a wand.
The puff of flame hits you!
* * * LOW HITPOINT WARNING * * *
There is a stone staircase leading up here.
You take 8 damage, and have 11/42 hp.
You can't go down here!
The endoplasm freezes you.
You are frozen.
* * * LOW HITPOINT WARNING * * *
You climb upwards.
There is a stone staircase leading down here.
You hit the endoplasm. You burn the endoplasm. You headbutt the endoplasm.
The endoplasm misses you.
You hit the endoplasm. You burn the endoplasm.
You kill the endoplasm!
You start resting.
Health restored: 42
There is a stone staircase leading down here.
You can't go up here!
You climb downwards.
Level annotation: Ijyb The ball python barely misses you.
You furiously retaliate!
You headbutt the ball python!
You kill the ball python!
Ijyb zaps a wand.
The puff of flame hits you! The dart slug launches a dart at you.
The slug dart hits you but does no damage.
Ijyb zaps a wand.
The puff of flame hits you.
There is a stone staircase leading up here.
You take 13 damage, and have 29/42 hp.
MASSIVE DAMAGE!!
Ijyb zaps a wand.
The puff of flame hits you!
You take 7 damage, and have 22/42 hp.
You whack the dart slug! You burn the dart slug.
You kill the dart slug!
Ijyb zaps a wand.
The puff of flame hits you!
* * * LOW HITPOINT WARNING * * *
You take 13 damage, and have 9/42 hp.
MASSIVE DAMAGE!!
You hit Ijyb. You burn Ijyb. Your headbutt misses Ijyb.
Ijyb hits you with a +0 dagger.
* * * LOW HITPOINT WARNING * * *
You take 1 damage, and have 8/42 hp.
You hit Ijyb but do no damage. You barely miss Ijyb. Your headbutt misses Ijyb.
Ijyb zaps a wand.
The puff of flame misses you.
You hit Ijyb. You burn Ijyb. Your headbutt misses Ijyb.
Ijyb hits you with a +0 dagger.
* * * LOW HITPOINT WARNING * * *
You take 3 damage, and have 5/42 hp.
You closely miss Ijyb. Your headbutt misses Ijyb.
Ijyb zaps a wand.
The puff of flame hits you!
You die...

#### ..#
#†########
##@........
#.g.....###
#..........
#..........
#.......<#.
..........##
....#..!....#
............#
..#...........


You could see Ijyb.

Vanquished Creatures
  An orc priest (D:2)
  An adder (D:2)
  2 worms (D:2)
  2 dart slugs (D:2 D:3)
  3 orcs (D:2)
  5 endoplasms (D:1 D:2 D:3)
  4 giant cockroaches (D:1 D:2)
  3 goblins (D:1 D:2)
  2 hobgoblins (D:1)
  7 jackals (D:1 D:2)
  8 kobolds (D:1 D:2)
  4 quokkas (D:1)
  10 ball pythons (D:1 D:2 D:3)
  9 bats (D:1 D:2)
  A frilled lizard (D:1)
  5 rats (D:1 D:2)
67 creatures vanquished.

Notes
Turn   | Place    | Note
-------+----------+-------------------------------------------
     0 | D:1      | Elmgren the Minotaur Fighter began the quest for the Orb.
     0 | D:1      | Reached XP level 1. HP: 19/19 MP: 0/0
    64 | D:1      | Reached skill level 4 in Fighting
    67 | D:1      | Reached skill level 3 in Maces & Flails
    67 | D:1      | Reached XP level 2. HP: 27/27 MP: 1/1
   570 | D:1      | Reached XP level 3. HP: 34/34 MP: 2/2
   832 | D:1      | Found a faded altar of an unknown god.
  1306 | D:2      | Reached skill level 5 in Fighting
  1306 | D:2      | Reached skill level 4 in Maces & Flails
  1306 | D:2      | Reached XP level 4. HP: 40/42 MP: 3/3
  1459 | D:2      | Found a sacrificial altar of Ru.
  2137 | D:3      | Noticed Ijyb
  2147 | D:3      | HP: 21/42 [frozen (2)]
  2152 | D:3      | HP: 10/42 [frozen (1)]
  2278 | D:3      | HP: 9/42 [Ijyb/puff of flame (14)]
  2283 | D:3      | Killed from afar by Ijyb

Illustrated notes

Levels and vault maps discovered:
D:1:      psy_arrival_fountain, layout_basic,
          shapermc_ecumenical_altar_hornbeckon, minmay_pentomino_z2
D:2:      minmay_chambers_of_ones, layout_basic, basic_altar
D:3:      layout_basic, uniq_ijyb, uniq_jessica

Skill      XL: |  1  2  3 |
---------------+----------+-----
Fighting       | 4 5 |  5.3
Maces & Flails | 3 4 |  4.6
Armour         | |  3.6
Shields        | |  3.6

Action                     |  1- 3 |  4- 6 || total
---------------------------+-------+-------++-------
  Melee: Flail             |    79 |       ||    79
         Headbutt          |    10 |    10 ||    20
         Whip              |    22 |    72 ||    94
    Use: Scroll            |       |     8 ||     8
 Armour: Scale mail        |    45 |    36 ||    81
  Dodge: Dodged            |    44 |    36 ||    80
  Block: Buckler           |    26 |    11 ||    37

Levels and vault maps discovered:
D:1:      psy_arrival_fountain, layout_basic,
          shapermc_ecumenical_altar_hornbeckon, minmay_pentomino_z2
D:2:      minmay_chambers_of_ones, layout_basic, basic_altar
D:3:      layout_basic, uniq_ijyb, uniq_jessica

Table legend: (Time is in decaauts)
 A = Elapsed time spent in this place.
 B = Non-inter-level travel time spent in this place.
 C = Inter-level travel time spent in this place.
 D = Time resting spent in this place.
 E = Time spent auto-exploring this place.
 F = Levels seen in this place.
 G = Mean time per level.
                   A        B        C        D        E       F      G
               +--------+--------+--------+--------+--------+-----+--------+
         Total |   2305 |   2175 |    130 |    112 |   1677 |   3 |  768.3 |
       Dungeon |   2305 |   2175 |    130 |    112 |   1677 |   3 |  768.3 |
               +--------+--------+--------+--------+--------+-----+--------+

Top non-repeatable levels by time:
     D:2: 1141 daAuts
     D:1: 1137 daAuts
     D:3: 27 daAuts

Table legend:
 A = Kills in this place as a percentage of kills in the entire game.
 B = Kills by you in this place as a percentage of kills by you in the entire game.
 C = Kills by friends in this place as a percentage of kills by friends in the entire game.
 D = Other kills in this place as a percentage of other kills in the entire game.
 E = Experience gained in this place as a percentage of experience gained in the entire game.
 F = Experience gained in this place divided by the number of levels of this place that you have seen.
                   A       B       C       D       E      F
               +-------+-------+-------+-------+-------+----------------------
         Total | 100.0 | 100.0 |   N/A |   N/A | 100.0 |  57.3
       Dungeon | 100.0 | 100.0 |   N/A |   N/A | 100.0 |  57.3
               +-------+-------+-------+-------+-------+----------------------
